AoeStats
← ᅚᅚᅚᅚ

Highland

504638518Analyzed
4v4 RM · 25d ago on Sep 6, 2026· 29m 27s· 8 players
Game mode
Random Map
Map size
Large (8 player)
Population
200
Speed
Normal
Resources
Standard
Victory
Conquest
Starting age
Dark Age
Ending age
Imperial Age
RankedLock teamsTeams togetherTeam positionsShared explorationLock speedFull tech treeHidden civsTurbo modeCheats
Victory
Defeat
🇵🇪 Britons · Peru
1413
+11
🇲🇽 Saracens · Mexico
1287
+16
🇲🇽 Khitans · Mexico
1224
+18
🇨🇴 Cumans · Colombia
1148
+21
🇦🇷 Khmer · Argentina
1330
-19
🇨🇱 Koreans · Chile
1273
-16
🇦🇷 Franks · Argentina
1258
-16
🇨🇱 Bulgarians · Chile
1251
-15
Pelantaro
4:51 Loom
11:49 Feudal Age
16:20 Castle Age
17:43 Town Watch
18:02 Double-Bit Axe
18:15 Horse Collar
19:35 Fletching
20:46 Bow Saw
22:04 Wheelbarrow
22:51 Bodkin Arrow
23:57 Gold Mining
27:35 Ballistics
Sir Monkey
8:01 Loom
10:26 Feudal Age
13:18 Scale Mail Armor
13:24 Scale Barding Armor
13:31 Forging
21:00 Double-Bit Axe
23:32 Bloodlines
Nanox
11:54 Feudal Age
15:40 Loom
19:44 Castle Age
28:23 Scale Barding Armor
29:19 Fletching
ᅚᅚᅚᅚ
5:52 Loom
11:57 Feudal Age
12:13 Man-at-Arms
23:47 Castle Age
23:59 Fletching
25:09 Double-Bit Axe
25:25 Bodkin Arrow
26:12 Elite Skirmisher
JAGR | Rojnar
5:44 Loom
8:51 Feudal Age
14:54 Fletching
24:42 Castle Age
23:30 Padded Archer Armor
23:54 Gold Mining
24:46 Crossbowman
25:22 Bodkin Arrow
25:20 Double-Bit Axe
28:15 Ballistics
28:14 Bow Saw
28:21 Horse Collar
JAGR | CIHUACOATL
5:55 Loom
6:19 Loom
8:44 Feudal Age
9:49 Double-Bit Axe
13:37 Forging
20:26 Castle Age
18:49 Scale Barding Armor
21:14 Wheelbarrow
24:30 Husbandry
25:50 Chain Barding Armor
27:11 Domestication
29:41 Iron Casting
JAGR_Soyuncacahuate
6:18 Loom
9:35 Feudal Age
13:07 Fletching
19:28 Wheelbarrow
25:23 Castle Age
23:40 Gold Mining
23:47 Horse Collar
25:13 Double-Bit Axe
26:00 Padded Archer Armor
25:32 Crossbowman
26:19 Bodkin Arrow
JAGR | HIPERYON
7:14 Loom
10:33 Feudal Age
11:15 Double-Bit Axe
11:13 Horse Collar
12:24 Scale Barding Armor
16:51 Forging
22:33 Town Watch
28:08 Wheelbarrow
28:02 Gold Mining
Connection lost

Rejoining the realm…

Still unreachable

The connection could not be restored.

Session expired

The server has moved on; the page needs a fresh start.